[Event "45th FIDE Olympiad 2024"]
[Site "Budapest"]
[Date "2024.09.19"]
[Round "8.74"]
[White "Kourkoulos-Arditis, Stamatis"]
[Black "Siddharth, Jagadeesh"]
[Result "1/2-1/2"]
[ECO "B92"]
[WhiteElo "2570"]
[BlackElo "2514"]
[Annotator "TA"]
[PlyCount "60"]
[EventDate "2024.09.05"]
[EventType "team-tourn"]
[EventCountry "HUN"]
[SourceTitle "playchess.com"]
[Source "ChessBase"]
[SourceQuality "1"]
[WhiteTeam "Greece"]
[BlackTeam "Singapore"]
[WhiteTeamCountry "GRE"]
[BlackTeamCountry "SIN"]
[TimeControl "40/5400+30:1800+30"]

1. e4 c5 2. Nf3 d6 3. d4 cxd4 4. Nxd4 Nf6 5. Nc3 a6 6. Be2 e5 7. Nb3 Be7 8. Be3 Be6 9. Nd5 Nbd7 10. Qd3 Bxd5 11. exd5 Rc8 12. c4 O-O 13. O-O a5 14. Rac1 b6 15. Nd2 g6 {The position is equal.} 16. f4 exf4 17. Bxf4 Ne5 18. Qg3 Nfd7 19. Nb3 Bh4 20. Qe3 Re8 21. Qd2 Nc5 22. Nxc5 bxc5 23. Rc3 Rb8 24. Bd1 Qd7 25. Rh3 {[#] Bxe5 is the strong threat.} Bd8 $1 (25... Nxc4 $2 26. Qc3 $18) 26. Bxe5 (26. Ba4 $5 Qxa4 27. Bxe5 Rxe5 28. Qh6 $11) 26... Rxe5 27. Qh6 (27. b3 $1 $11) 27... f5 $17 (27... Rxb2 28. Qxh7+ Kf8 29. Qh8+ (29. Qxg6 Rf2 $18) 29... Ke7 30. Qf6+ Kf8 31. Rh8#) 28. g4 Qg7 {[#] Threatens to win with ...Qxh6.} (28... fxg4 29. Qf8#) 29. Qxg7+ ({But not} 29. gxf5 $2 Qxh6 (29... Rxb2 30. Qc1 $17) (29... Rxf5 $2 {too greedy.} 30. Rxf5 Qxh6 31. Rxh6 $18) 30. Rxh6 Rxb2 $19 (30... Rxf5 $2 31. Rxf5 Kg7 32. Rfh5 $16)) 29... Kxg7 30. b3 fxg4 {Weighted Error Value: White=0.17 (very precise) /Black=0.10 (very precise) .  Mistake:       	White=1     	---        Inaccurate:     	White=2     	Black=4      OK:         	White=4     	Black=5      Best:        	White=1     	Black=2      Strong:       	---       	Black=1} 1/2-1/2

[Event "45th FIDE Olympiad 2024"]
[Site "Budapest"]
[Date "2024.09.19"]
[Round "8.74"]
[White "Volpinari, Danilo"]
[Black "Bridet, Robert"]
[Result "1-0"]
[WhiteElo "1939"]
[BlackElo "1697"]
[PlyCount "67"]
[EventDate "2024.09.05"]
[EventType "team-tourn"]
[EventCountry "HUN"]
[WhiteTeam "San Marino"]
[BlackTeam "Dominica"]
[WhiteTeamCountry "SMR"]
[TimeControl "40/5400+30:1800+30"]

1. e4 e5 2. Nf3 Nc6 3. Bc4 Bc5 4. c3 Nf6 5. d3 h6 6. b4 Bd6 7. Nbd2 O-O 8. Nf1 b6 9. Ng3 Ne7 10. Nh4 a5 11. b5 Bc5 12. Nh5 Nxh5 13. Qxh5 Kh7 14. O-O d5 15. exd5 Nxd5 16. d4 Nf6 17. Qxe5 Bd6 18. Qe2 Bxh2+ 19. Kxh2 Ng4+ 20. Kg3 g5 21. Bd3+ f5 22. Nxf5 Bxf5 23. Bxf5+ Rxf5 24. Qxg4 Qd6+ 25. Kh3 Kg6 26. Qe4 h5 27. f3 Rh8 28. Qc6 g4+ 29. Kh4 Rxb5 30. Qxd6+ cxd6 31. Ba3 Rd5 32. Rae1 Rf8 33. fxg4 hxg4 34. Rxf8 1-0

[Event "45th FIDE Olympiad 2024"]
[Site "Budapest"]
[Date "2024.09.19"]
[Round "8.75"]
[White "Wong, Zhenyong Jayden"]
[Black "Papaioannou, Ioannis"]
[Result "0-1"]
[ECO "E11"]
[WhiteElo "2397"]
[BlackElo "2615"]
[Annotator "TA"]
[PlyCount "144"]
[EventDate "2024.09.05"]
[EventType "team-tourn"]
[EventCountry "HUN"]
[SourceTitle "playchess.com"]
[Source "ChessBase"]
[SourceQuality "1"]
[WhiteTeam "Singapore"]
[BlackTeam "Greece"]
[WhiteTeamCountry "SIN"]
[BlackTeamCountry "GRE"]
[TimeControl "40/5400+30:1800+30"]

1. d4 Nf6 2. c4 e6 3. Nf3 Bb4+ 4. Nbd2 d5 5. Qa4+ Nc6 6. a3 Be7 7. e3 a5 8. Ne5 (8. b4 $5) 8... Bd7 9. Nxd7 Qxd7 {[#] White is slightly better.} 10. b4 $1 dxc4 (10... O-O 11. b5) 11. Nxc4 $2 {[#]} (11. Bxc4 $14 {stays ahead.} Ne5 12. Bb5) 11... b5 $1 $17 12. Qxb5 (12. Nd6+ Qxd6) 12... axb4 13. Ne5 Nxe5 14. dxe5 Nd5 15. a4 c6 16. Qd3 {[#]} b3 17. Bd2 $15 b2 18. Rb1 Rxa4 19. Qc2 Ra3 (19... c5 {keeps more tension.} 20. Bc4 O-O 21. O-O Rb8) 20. Qxb2 O-O 21. Bc4 Ra4 22. Qc2 Rfa8 23. O-O Nb4 24. Qd1 c5 25. Qe2 Qc7 26. f4 Rd8 27. Rfc1 {And now Bb3 would win.} Qb7 28. Be1 Ra3 29. Rd1 ({Better is} 29. e4 $11) 29... Rxd1 30. Rxd1 Qe4 31. Bf2 Rc3 {Black is much more active.} 32. Bb5 c4 33. Qf3 Qxf3 34. gxf3 Nd5 35. f5 $1 Nxe3 36. Bxe3 Rxe3 37. fxe6 {[%mdl 4096] Endgame. KRB-KRB} (37. Rd7 $1 $11 Bc5 (37... Rxe5 38. Rxe7 g6 39. f6 $16) 38. Rd8+ Bf8 39. f4) 37... c3 $17 {Black continues to play with concentration.} (37... fxe6 38. Bxc4 Rxe5 39. Kf1 $11) (37... Rxe5 $6 38. exf7+ Kxf7 39. Bxc4+ Kf8 40. Bd5 $11) 38. Kf2 Rxe5 39. exf7+ Kxf7 40. Bd3 Rh5 41. Rc1 Bf6 (41... Rxh2+ 42. Kg1 Bd6 43. Rxc3 $11) 42. Kg3 Rg5+ 43. Kf4 h6 44. Rc2 Ke7 45. Ke3 Kd6 46. f4 Rh5 47. Ke4 Kc5 48. Rg2 Kb4 49. Rf2 Ra5 50. Bc2 Ra2 51. Kd3 Ra7 52. Ke4 Re7+ 53. Kd3 Rd7+ 54. Ke4 Kc4 55. Rg2 Re7+ 56. Kf3 Re1 57. Re2 Rf1+ 58. Rf2 Rc1 59. Ke4 h5 ({But not} 59... Re1+ 60. Kf5) 60. Re2 h4 61. Rf2 Re1+ 62. Kf3 Kd4 63. Re2 Rf1+ 64. Rf2 Rc1 {[%cal Oc1c2] Hoping for ...Rxc2!} 65. Bf5 Bd8 66. Rg2 (66. Bh7 {is a better defense.}) 66... Rf1+ $19 67. Rf2 $2 {[#]} (67. Ke2 $19 Rxf4 68. Bc2) 67... Rxf2+ $1 {Black mates.} 68. Kxf2 {[#]} h3 $1 69. Ke2 (69. Ke1 Bc7) 69... Bc7 70. Kf3 Kc4 71. Kg4 Kb3 72. Kxh3 Bxf4 {Weighted Error Value: White=0.16 (very precise) /Black=0.10 (very precise) .  Mistake:       	White=5     	Black=1      Inaccurate:     	White=3     	Black=4      OK:         	White=21    	Black=28     Best:        	White=5     	Black=5      Strong:       	White=1     	Black=1      Brilliant:      	---       	Black=1} 0-1

[Event "45th FIDE Olympiad 2024"]
[Site "Budapest"]
[Date "2024.09.19"]
[Round "8.75"]
[White "Thomas, Larry"]
[Black "Grassi, Enrico"]
[Result "1/2-1/2"]
[WhiteElo "1686"]
[BlackElo "1965"]
[PlyCount "54"]
[EventDate "2024.09.05"]
[EventType "team-tourn"]
[EventCountry "HUN"]
[WhiteTeam "Dominica"]
[BlackTeam "San Marino"]
[BlackTeamCountry "SMR"]
[TimeControl "40/5400+30:1800+30"]

1. d4 c5 2. d5 g6 3. e4 d6 4. Nf3 Bg7 5. c3 Nf6 6. Qc2 O-O 7. Be2 Bd7 8. O-O b5 9. Bf4 a5 10. a3 Na6 11. c4 Rb8 12. cxb5 Bxb5 13. Bxb5 Rxb5 14. Nc3 Rb7 15. Nd2 Qb6 16. Rab1 Rfb8 17. h3 Nd7 18. Be3 Qd8 19. Nc4 Ne5 20. Nxe5 Bxe5 21. Rfc1 Rb3 22. Bd2 Qb6 23. Na4 Qb5 24. Nc3 Qb7 25. Na4 Qb5 26. Nc3 Qb7 27. Na4 Qb5 1/2-1/2

[Event "45th FIDE Olympiad 2024"]
[Site "Budapest"]
[Date "2024.09.19"]
[Round "8.76"]
[White "Kelires, Andreas"]
[Black "Goh, Wei Ming Kevin"]
[Result "1-0"]
[ECO "B72"]
[WhiteElo "2536"]
[BlackElo "2449"]
[Annotator "TA"]
[PlyCount "105"]
[EventDate "2024.09.05"]
[EventType "team-tourn"]
[EventCountry "HUN"]
[SourceTitle "playchess.com"]
[Source "ChessBase"]
[SourceQuality "1"]
[WhiteTeam "Greece"]
[BlackTeam "Singapore"]
[WhiteTeamCountry "GRE"]
[BlackTeamCountry "SIN"]
[TimeControl "40/5400+30:1800+30"]

1. e4 c5 2. Nf3 d6 3. d4 cxd4 4. Nxd4 Nf6 5. Nc3 g6 6. Be3 Nc6 {B72: Sicilian Dragon: 6 Be3, lines with h3+Bc4 and sidelines.} 7. f3 h5 8. Bc4 Bd7 9. h3 a6 $146 ({Predecessor:} 9... h4 10. Qd2 Bg7 11. O-O-O Nxd4 12. Bxd4 Bh6 13. Be3 Bxe3 14. Qxe3 Qa5 15. Nd5 Nxd5 16. exd5 {0-1 Barcelo Sola,D (1980)-Pham Guerrero,S (2066) La Pobla de Lillet op 33rd 2024 (5)}) 10. Nxc6 Bxc6 11. Qd2 Bg7 12. O-O-O b5 13. Bd5 Qc7 14. Kb1 Rc8 15. Bxc6+ Qxc6 16. Nd5 Nxd5 17. exd5 Qc4 18. Rhe1 Bf6 19. Bb6 Qh4 20. Re4 Qg5 $1 21. Be3 Qf5 22. Rf4 Qd7 23. Bd4 Bxd4 24. Rxd4 h4 (24... Rc5 $14 {feels stronger.}) 25. Qe1 Qf5 26. Re4 (26. Rxh4 $2 {loses.} Qxc2+ 27. Ka1 Rxh4 $19) 26... Kf8 27. Rd3 (27. Rxe7 Qxc2+ 28. Ka1 Rh5 $17 (28... Qxg2 29. Rxf7+ Kxf7 30. Qe6+ Kg7 31. Qe7+ Kg8 32. Qe6+ Kg7 33. Qe7+ Kh6 34. Qxh4+ Kg7 35. Qe7+ Kg8 36. Qe6+ Kh7 37. Qe7+ Kh6 38. Qh4+ Kg7 39. Qe7+ Kg8 40. Qe6+ Kh7 41. Qe7+ Kg8 $11)) 27... Qg5 28. Rg4 Qf6 29. Rdd4 Rc5 (29... Rh5 $1 $11) 30. b4 $16 (30. Rxh4 Rxh4 31. Rxh4 Rxd5 $15) 30... Rc4 (30... Rc7 $16 {was worth a try.}) 31. Rxc4 $18 bxc4 32. Rxc4 Rh5 33. Qc3 Qxc3 34. Rxc3 Rxd5 (34... Ke8 $142 35. Ra3 Rxd5) 35. Rc8+ $18 Kg7 36. Rc6 Rb5 {[#]} 37. c3 $1 a5 (37... Rg5 38. Rxa6 Rh5 39. a4 $18) 38. a4 Rb7 ({Much weaker is} 38... Rg5 39. b5 Rxg2 40. Ra6 (40. b6 Rg1+ 41. Ka2 Rg2+ 42. Ka3 Rg1 $18) 40... Rg1+ 41. Ka2 Rg2+ 42. Ka3 $18) 39. b5 Kf6 40. Ra6 Ke5 41. Rxa5 Kf4 42. c4 Kg3 43. Kc2 Kxg2 44. Ra8 Kxh3 45. a5 Rc7 46. Kb3 Kg2 47. Rh8 h3 48. b6 Rb7 49. Kb4 h2 50. Kb5 Rb8 51. Rxh2+ Kxh2 52. a6 e5 53. a7 1-0

[Event "45th FIDE Olympiad 2024"]
[Site "Budapest"]
[Date "2024.09.19"]
[Round "8.76"]
[White "Piva, Michele"]
[Black "Francis, Nigel"]
[Result "1/2-1/2"]
[WhiteElo "1721"]
[BlackElo "1775"]
[PlyCount "136"]
[EventDate "2024.09.05"]
[EventType "team-tourn"]
[EventCountry "HUN"]
[WhiteTeam "San Marino"]
[BlackTeam "Dominica"]
[WhiteTeamCountry "SMR"]
[TimeControl "40/5400+30:1800+30"]

1. d4 Nf6 2. c4 g6 3. Nf3 Bg7 4. Nc3 d5 5. Bf4 a6 6. e3 O-O 7. h3 dxc4 8. Bxc4 b6 9. O-O Bb7 10. Rc1 e6 11. a3 Nc6 12. b4 Ne7 13. Bh2 Rc8 14. Be2 c5 15. bxc5 bxc5 16. Qb3 Bxf3 17. Bxf3 cxd4 18. Rfd1 Qa5 19. exd4 Ned5 20. Nxd5 Nxd5 21. Bd6 Rxc1 22. Rxc1 Rd8 23. Bc5 Qd2 24. Rd1 Qg5 25. Qb7 a5 26. Qa7 a4 27. Qa5 Bf6 28. Bxd5 Qxd5 29. Qxa4 Kg7 30. Qb4 e5 31. Rd3 exd4 32. a4 Qe4 33. Qd2 Rd5 34. Bb6 Be5 35. f3 Qh4 36. Qf2 Qf6 37. a5 Qd6 38. Kf1 Qb4 39. Qa2 Rb5 40. Ke2 Qb2+ 41. Qxb2 Rxb2+ 42. Rd2 Rb3 43. Bxd4 Bxd4 44. Rxd4 Ra3 45. Rd5 Kf6 46. Rb5 Ke7 47. g4 Kd6 48. Rb7 Ke6 49. Rb6+ Ke5 50. a6 f5 51. Rb7 Rxa6 52. Rxh7 fxg4 53. hxg4 Ra2+ 54. Ke3 Ra3+ 55. Kf2 Kf4 56. Rf7+ Kg5 57. Kg3 Rb3 58. Rc7 Ra3 59. Rc5+ Kf6 60. g5+ Ke6 61. Kg4 Ra4+ 62. f4 Kf7 63. Rd5 Rb4 64. Kf3 Ke6 65. Re5+ Kf7 66. Re4 Rb3+ 67. Kg4 Rb5 68. Kf3 Rb3+ 1/2-1/2

[Event "45th FIDE Olympiad 2024"]
[Site "Budapest"]
[Date "2024.09.19"]
[Round "8.77"]
[White "Kozak, Adam"]
[Black "Dardha, Daniel"]
[Result "1/2-1/2"]
[ECO "E36"]
[WhiteElo "2609"]
[BlackElo "2603"]
[Annotator "TA"]
[PlyCount "42"]
[EventDate "2024.09.05"]
[EventType "team-tourn"]
[EventCountry "HUN"]
[SourceTitle "playchess.com"]
[Source "ChessBase"]
[SourceQuality "1"]
[WhiteTeam "Hungary B"]
[BlackTeam "Belgium"]
[BlackTeamCountry "BEL"]
[TimeControl "40/5400+30:1800+30"]

1. d4 Nf6 2. c4 e6 3. Nc3 Bb4 4. Qc2 d5 5. a3 Bxc3+ 6. Qxc3 O-O 7. Nf3 dxc4 8. Qxc4 b6 {Black is weak on the dark squares} 9. Bg5 Ba6 10. Qc1 Nbd7 11. e4 Qc8 12. Bxa6 Qxa6 13. Qc6 h6 14. Bxf6 Nxf6 15. O-O-O Rfd8 16. Kb1 {The position is equal.} Rac8 17. Rhe1 Rd6 18. Qc2 {[#] Hoping for e5.} Rdd8 (18... c5 $2 19. e5 Rxd4 (19... cxd4 $2 20. Qd3 $18) 20. exf6 (20. Nxd4 cxd4 21. Qe2 Qxe2 $18) 20... Rxd1+ 21. Qxd1 $18 (21. Rxd1 gxf6 22. Rd3 c4 $18)) 19. Qc6 Rd6 20. Qc2 {And now e5 would win.} Rdd8 ({Don't go for} 20... c5 $2 21. e5 Rxd4 (21... cxd4 $2 22. Qd3 $18) 22. exf6 (22. Nxd4 cxd4 23. Qe2 d3 $18) 22... Rxd1+ 23. Qxd1 $18 (23. Rxd1 gxf6 24. Rd3 c4 $18)) 21. Qc6 Rd6 {An uneventful encounter.   Weighted Error Value: White=0.01 (flawless) /Black=0.02 (flawless) .  OK:         	White=9     	Black=10} 1/2-1/2

[Event "45th FIDE Olympiad 2024"]
[Site "Budapest"]
[Date "2024.09.19"]
[Round "8.77"]
[White "Moncur, Cecil"]
[Black "Mahamat, Hachim Bachar"]
[Result "0-1"]
[WhiteElo "1839"]
[BlackElo "1872"]
[PlyCount "80"]
[EventDate "2024.09.05"]
[EventType "team-tourn"]
[EventCountry "HUN"]
[WhiteTeam "Bahamas"]
[BlackTeam "Chad"]
[WhiteTeamCountry "BAH"]
[BlackTeamCountry "CHD"]
[TimeControl "40/5400+30:1800+30"]

1. d4 e6 2. e4 d5 3. e5 c5 4. c3 Nc6 5. Nf3 Nge7 6. Bd3 Ng6 7. h4 h5 8. Bxg6 fxg6 9. Qd3 Ne7 10. dxc5 Nf5 11. Bg5 Qc7 12. b4 a5 13. Nbd2 axb4 14. cxb4 b6 15. Nb3 bxc5 16. bxc5 Ba6 17. Qc2 Bc4 18. Be3 Ra3 19. Rb1 Be7 20. Bg5 O-O 21. Bxe7 Nxe7 22. Qb2 Rfa8 23. Nfd2 Bd3 24. Ra1 Nc6 25. f4 R8a4 26. Rh3 Bf5 27. Rc3 d4 28. Rc4 Qd8 29. g3 Qd5 30. Rxa4 Rxa4 31. a3 Qg2 32. Nc1 Qxg3+ 33. Kd1 Qg1+ 34. Ke2 Qg2+ 35. Kd1 d3 36. Nc4 Bg4+ 37. Ke1 Qg1+ 38. Kd2 Rxc4 39. Nxd3 Qg2+ 40. Ke1 Re4+ {0-} 0-1

[Event "45th FIDE Olympiad 2024"]
[Site "Budapest"]
[Date "2024.09.19"]
[Round "8.78"]
[White "Vandenbussche, Thibaut"]
[Black "Banusz, Tamas"]
[Result "1-0"]
[ECO "B30"]
[WhiteElo "2461"]
[BlackElo "2605"]
[Annotator "TA"]
[PlyCount "161"]
[EventDate "2024.09.05"]
[EventType "team-tourn"]
[EventCountry "HUN"]
[SourceTitle "playchess.com"]
[Source "ChessBase"]
[SourceQuality "1"]
[WhiteTeam "Belgium"]
[BlackTeam "Hungary B"]
[WhiteTeamCountry "BEL"]
[TimeControl "40/5400+30:1800+30"]

1. e4 c5 2. Nf3 Nc6 3. Bb5 Nf6 4. Nc3 Qc7 5. O-O Nd4 6. Re1 e5 7. Nxd4 cxd4 8. Nd5 {White has an edge.} Nxd5 9. exd5 {Threatens to win with Qh5.} Bd6 10. c3 O-O 11. cxd4 a6 12. Bd3 e4 13. Bxe4 $40 {[%mdl 128] White has some attack.} Bxh2+ 14. Kh1 f5 15. Bf3 Bf4 (15... Bd6 $11) 16. d3 $16 Qd6 17. Kg1 a5 (17... Bh2+ $16 18. Kh1 Bf4) 18. Qe2 $1 $18 Ra6 19. Bxf4 Qxf4 20. Rac1 {Hoping for Qe5.} Rh6 21. g3 $1 Qg5 (21... Qd6 $16 {was worth a try.} 22. Qe5 b6) 22. Qe7 (22. d6 $1 $18 {Bd5+ would now be deadly.} Rxd6 23. Rc5) 22... Qxe7 $16 23. Rxe7 f4 24. Rc7 (24. gxf4 $142 $1 Rg6+ 25. Kf1) 24... fxg3 25. fxg3 Rg6 ({Better is} 25... Rhf6 $14 26. Be4 a4) 26. Kg2 $1 {White has more active pieces.} Rgf6 27. Bg4 Rg6 (27... Rf2+ $16 28. Kh3 Rd8) 28. Bxd7 $2 (28. Bh5) 28... Bxd7 $18 29. Rcxd7 {[%mdl 4096] Endgame. KRR-KRR} h5 30. Re6 Rg5 31. Re5 $1 (31. Rxb7 h4 $14) 31... Rg4 32. Rxh5 (32. Rxb7 h4 $16) 32... Rxd4 33. Rxb7 Rxd3 {[#]} 34. d6 a4 $16 35. Ra5 {Strongly threatening Raa7.} Rff3 36. Rg5 ({And not} 36. Rxa4 Rxg3+ 37. Kf2 Rgf3+ 38. Kg2 Rg3+ 39. Kh2 (39. Kf2 Rgf3+ 40. Kg2 Rg3+ $11) 39... Rh3+ 40. Kg2 Rhg3+ $11) 36... Rf7 37. Rb8+ Rf8 38. Rb7 Rf7 39. Rb8+ Rf8 $1 40. Rb6 Rf6 41. a3 Rd2+ 42. Kh3 Rfxd6 43. Rxd6 Rxd6 {KR-KR} 44. Rb5 Rd2 (44... Kf7 $16) 45. Rb7 (45. Kg4 $18) 45... Kh7 46. Kg4 Rf2 (46... Kh6 $16 {keeps fighting.} 47. Kf5 g6+ 48. Kf4 Rc2) 47. Kg5 $18 Rf3 48. Kg4 Rf2 49. Rb6 g6 50. Kg5 {And now Rb7+ would win.} Rf5+ 51. Kh4 $1 Rh5+ 52. Kg4 Kh6 53. Rb8 {Intending Rh8+ and mate.} Rg5+ 54. Kf3 {next Rh8+ is good for White.} Rf5+ 55. Kg2 Rd5 56. Rb4 Kh5 57. Kf3 ({Much weaker is} 57. Rxa4 $6 Rd2+ 58. Kf1 Rxb2 $11) (57. Kh3 $16 Ra5 58. g4+ Kg5 59. Kg3) 57... Rd3+ 58. Kf2 {aiming for g4+.} g5 (58... Rd2+ $11 59. Ke3 Rc2) 59. Rxa4 (59. g4+ $16 Kh4 60. Ke1 (60. Rxa4 Rd2+ 61. Ke3 Rxb2 $11) 60... Re3+ 61. Kd2) 59... Rd2+ $14 60. Ke3 Rxb2 61. Rb4 Ra2 62. g4+ $1 Kh4 63. a4 Kg3 64. Kd3 Kf3 $2 (64... Ra3+ $11 65. Kc2 Kh4) 65. Kc3 $2 (65. Kc4 Re2 66. Kd5) 65... Re2 $18 66. Kb3 (66. Rd4 $1 $18) 66... Re3+ $16 67. Kb2 {White wants to mate with Rb3.} Re2+ $2 {[%mdl 8192] [#]} (67... Re8 $16 68. Rd4 Ra8) 68. Ka3 $1 $18 Re1 {[#]} 69. Rc4 $1 Ke3 70. Kb4 Kd3 71. Kb5 Re8 72. Rc5 Rb8+ 73. Ka5 Kd4 74. Rb5 Rg8 75. Kb4 Ke3 76. Rf5 Re8 77. Rxg5 Kf4 78. Rg6 Rb8+ 79. Kc5 Ra8 80. Kb5 {Black must now prevent a5.} Rb8+ 81. Rb6 {Weighted Error Value: White=0.41/Black=0.27 (precise) .  Loses game:     	---       	Black=3      Mistake:       	White=8     	Black=7      Inaccurate:     	White=2     	Black=4      OK:         	White=21    	Black=21     Best:        	White=2     	Black=10     Strong:       	White=5     	Black=1} 1-0

[Event "45th FIDE Olympiad 2024"]
[Site "Budapest"]
[Date "2024.09.19"]
[Round "8.78"]
[White "Abdelaziz Bokhit, Badjoiri"]
[Black "Ferguson, Joseph"]
[Result "0-1"]
[WhiteElo "1778"]
[BlackElo "1797"]
[PlyCount "126"]
[EventDate "2024.09.05"]
[EventType "team-tourn"]
[EventCountry "HUN"]
[WhiteTeam "Chad"]
[BlackTeam "Bahamas"]
[WhiteTeamCountry "CHD"]
[BlackTeamCountry "BAH"]
[TimeControl "40/5400+30:1800+30"]

1. e4 e6 2. Nc3 b6 3. Bc4 Bb7 4. d4 Nf6 5. e5 Bxg2 6. exf6 Bxh1 7. fxg7 Bxg7 8. Qg4 Bf8 9. Bf4 d6 10. O-O-O Bc6 11. d5 h5 12. Qh3 Qf6 13. Nge2 Bh6 14. Bxh6 Qxh6+ 15. f4 Bd7 16. Qh4 Rg8 17. Ne4 Rg6 18. N2g3 f5 19. Ng5 e5 20. Re1 a5 21. Bd3 Rxg5 22. fxg5 Qg6 23. Nxh5 Kd8 24. Nf6 Kc8 25. Qh6 Qf7 26. Nxd7 Nxd7 27. g6 Qf6 28. Bb5 e4 29. Qh7 Ne5 30. g7 Qg5+ 31. Kb1 Kb7 32. h4 Qg3 33. Rf1 f4 34. Qxe4 Qxg7 35. Bc6+ Nxc6 36. dxc6+ Ka7 37. Qxf4 Rh8 38. a4 Qg2 39. Qf6 Rxh4 40. Qxh4 Qxf1+ 41. Ka2 Qe2 42. c4 Qf3 43. Qg5 Qxc6 44. Qb5 Qc5 45. Qxc5 bxc5 46. Kb3 c6 47. Kc3 d5 48. b3 d4+ 49. Kd3 Kb6 50. Ke4 Kc7 51. Kf4 Kd6 52. Ke4 Ke6 53. Kf4 Kf6 54. Ke4 Kg5 55. b4 cxb4 56. Kxd4 c5+ 57. Ke4 Kg4 58. Kd5 b3 59. Kxc5 b2 60. Kb5 b1=Q+ 61. Kxa5 Kf5 62. c5 Ke6 63. c6 Kd6 {0-} 0-1

[Event "45th FIDE Olympiad 2024"]
[Site "Budapest"]
[Date "2024.09.19"]
[Round "8.79"]
[White "Prohaszka, Peter"]
[Black "Hovhannisyan, Mher"]
[Result "1-0"]
[ECO "D31"]
[WhiteElo "2542"]
[BlackElo "2414"]
[Annotator "TA"]
[PlyCount "79"]
[EventDate "2024.09.05"]
[EventType "team-tourn"]
[EventCountry "HUN"]
[SourceTitle "playchess.com"]
[Source "ChessBase"]
[SourceQuality "1"]
[WhiteTeam "Hungary B"]
[BlackTeam "Belgium"]
[BlackTeamCountry "BEL"]
[TimeControl "40/5400+30:1800+30"]

1. d4 d5 2. c4 e6 3. Nc3 a6 4. cxd5 exd5 5. Bf4 Nf6 6. e3 Bd6 7. Bg5 Be6 8. Bd3 {White has an edge.} Nbd7 9. f4 h6 10. Bh4 g5 11. fxg5 Ng4 ({Black should play} 11... Nh7 $14) 12. Nf3 $16 {aiming for g6.} Be7 13. Qe2 hxg5 14. Bg3 Nb6 15. O-O-O Bb4 16. Kb1 {Hoping for Rc1.} Bxc3 17. bxc3 Qe7 18. Ka1 Nh6 {Black is on the road to losing.} (18... Nf6 $14) 19. h4 {White is more active.} g4 20. Ne5 Bf5 (20... Nf5 $16 21. Bxf5 (21. Qxg4 $2 Nxe3 22. Qf3 Nxd1 $19) 21... Bxf5) 21. Rdf1 Bxd3 22. Qxd3 O-O-O 23. Bf4 {Threatens to win with Bxh6.} Nd7 {[#]} (23... Qa3 $142 24. Bxh6 Nc4 25. Nxc4 (25. Nxf7 $2 Qb2#) 25... dxc4 26. Qf5+ (26. Qxc4 Rxh6 27. Rxf7 Rc6 $18) 26... Kb8) 24. Nc6 $1 $18 Qe6 25. Nxd8 Kxd8 26. Bg5+ Kc8 27. Bxh6 Rxh6 28. Rf4 f6 29. e4 Kb8 30. g3 Nb6 31. Rb1 Rh5 32. Rbf1 dxe4 33. Rxe4 (33. Qxe4 Qc4 34. Rc1 (34. Rxf6 $2 Qxc3+ 35. Kb1 Rb5#) (34. Qe8+ Ka7 $16) 34... Ra5) 33... Qd6 34. c4 (34. Rxg4 Qa3 35. Rb1 (35. Rxf6 $2 Nc4 $19) (35. Rg8+ Ka7 $18) 35... Rb5 $18) 34... Ra5 35. Rb1 (35. Rxg4 Qd7 $18) 35... Qc6 (35... f5 {is a better defense.} 36. Rf4 Qe6) 36. d5 (36. Rxg4 Nxc4 37. Rc1 (37. d5 $2 {is a self mate.} Rxa2+ 38. Kxa2 Qa4+) 37... Ra4 $18) 36... Qc5 37. Qd4 Qa3 38. Re2 (38. Qxf6 $2 Qxa2#) 38... Ra4 39. d6 {[#] White wants to mate with dxc7+.} (39. Qxg4 Qc3+ 40. Rbb2 Rb4 $19) 39... Nxc4 40. Re8# {Weighted Error Value: White=0.09 (flawless) /Black=0.50.  Mistake:       	---       	Black=5      Inaccurate:     	White=1     	Black=2      OK:         	White=15    	Black=14     Best:        	White=2     	Black=1} 1-0

[Event "45th FIDE Olympiad 2024"]
[Site "Budapest"]
[Date "2024.09.19"]
[Round "8.79"]
[White "Pride, Avian"]
[Black "Adam, Jamal"]
[Result "0-1"]
[WhiteElo "1743"]
[BlackElo "2013"]
[PlyCount "72"]
[EventDate "2024.09.05"]
[EventType "team-tourn"]
[EventCountry "HUN"]
[WhiteTeam "Bahamas"]
[BlackTeam "Chad"]
[WhiteTeamCountry "BAH"]
[BlackTeamCountry "CHD"]
[TimeControl "40/5400+30:1800+30"]

1. d4 Nf6 2. c4 e5 3. d5 Bc5 4. h3 d6 5. Nc3 Bf5 6. Bg5 h6 7. Bxf6 Qxf6 8. e4 Bd7 9. Nf3 a5 10. Be2 Na6 11. a3 O-O 12. O-O Qe7 13. Qc2 Bb6 14. Ne1 Nc5 15. Nd3 Qg5 16. Kh1 Qh4 17. Nxc5 Bxc5 18. Bd3 g5 19. Qe2 Bxh3 20. gxh3 Qxh3+ 21. Kg1 g4 22. Nd1 g3 23. Qh5 Qxh5 24. Kg2 Qh2+ 25. Kf3 g2 26. Ne3 gxf1=Q 27. Rxf1 Bxe3 28. Kxe3 f5 29. exf5 Qf4+ 30. Ke2 e4 31. Rg1+ Kh7 32. Bc2 Rxf5 33. Rf1 Rg8 34. Ke1 Qc1+ 35. Bd1 e3 36. fxe3 Qxe3+ {0-} 0-1

[Event "45th FIDE Olympiad 2024"]
[Site "Budapest"]
[Date "2024.09.19"]
[Round "8.80"]
[White "Lenaerts, Lennert"]
[Black "Papp, Gabor"]
[Result "1/2-1/2"]
[ECO "B40"]
[WhiteElo "2300"]
[BlackElo "2550"]
[Annotator "TA"]
[PlyCount "79"]
[EventDate "2024.09.05"]
[EventType "team-tourn"]
[EventCountry "HUN"]
[SourceTitle "playchess.com"]
[Source "ChessBase"]
[SourceQuality "1"]
[WhiteTeam "Belgium"]
[BlackTeam "Hungary B"]
[WhiteTeamCountry "BEL"]
[TimeControl "40/5400+30:1800+30"]

1. e4 c5 2. Nf3 e6 3. g3 Nc6 4. Bg2 Nf6 5. Qe2 e5 6. O-O Be7 7. Nc3 d6 8. Nd5 h6 9. c3 O-O 10. Ne1 Nxd5 11. exd5 Nb8 {[#]} 12. d4 cxd4 13. cxd4 exd4 14. b3 Bf6 {[%cal Od4d3] aiming for ...d3!} 15. Bb2 b6 16. Qd2 Ba6 17. Nd3 Nd7 {Black wants to play ...Nc5.} 18. Rfe1 Bxd3 $1 19. Qxd3 Nc5 20. Qd2 a5 21. Bxd4 Bxd4 22. Qxd4 Qd7 23. Re3 Rfe8 24. Rae1 Kf8 (24... b5 $11) 25. Bf1 (25. a3 $14) 25... Rxe3 $11 26. Rxe3 Re8 27. a3 Rxe3 28. Qxe3 {[%mdl 4096] Endgame. KQB-KQN} Qe7 29. Qc3 Qe5 30. Qc4 Ke7 31. b4 axb4 32. axb4 Nd7 33. f4 Qe3+ 34. Kg2 Kd8 35. Qc6 {[%cal Of1b5] [#] Black must now prevent Bb5! The position is equal.} Qe4+ 36. Kh3 $1 {Bb5 is the strong threat.} Qf5+ (36... Qxb4 $2 37. Bb5 $18) 37. Kg2 Qe4+ 38. Kh3 $1 {Bb5 would now be deadly.} Qf5+ (38... Qxb4 $2 {too greedy.} 39. Bb5 $18) 39. Kg2 Qe4+ 40. Kh3 $1 {Weighted Error Value: White=0.09 (flawless) /Black=0.06 (flawless) .  Mistake:       	White=2     	Black=1      Inaccurate:     	White=1     	Black=1      OK:         	White=14    	Black=22     Best:        	White=3     	---        Strong:       	White=3     	Black=1} 1/2-1/2